 Dungeon Crawl Stone Soup version 0.26.1-2-gb8aa6d0cf2 (webtiles) character file.

Game seed: 3465819386491752026

18 FishyPogo the Conjurer (level 2, -2/20 HPs)
             Began as a Draconian Conjurer on Feb 25, 2021.
             Slain by an adder (4 damage)
             ... on level 2 of the Dungeon.
             The game lasted 00:03:19 (1044 turns).

FishyPogo the Conjurer (Draconian Conjurer)         Turns: 1044, Time: 00:03:20

Health: -2/20      AC:  4    Str:  9    XL:     2   Next: 48%
Magic:  0/5        EV: 12    Int: 18    God:
Gold:   51         SH:  0    Dex:  9    Spells: 2/5 levels left

rFire    + . .     SeeInvis .   (no weapon)
rCold    + . .     Faith    .   (no shield)
rNeg     . . .     Spirit   .   (armour unavailable)
rPois    +         Reflect  .   (helmet restricted)
rElec    +         Harm     .   (no cloak)
rCorr    +         Rampage  .   (no gloves)
Will     .....     Clarity  +   (no boots)
Stlth    +.........             (no amulet)
HPRegen  0.06/turn              (no ring)
MPRegen  0.09/turn              (no ring)

@: brilliant, lethally poisoned (-2 -> -11), resistant, attractive
A: unfitting armour, hooves 1, clarity, cold-blooded, MP-powered wands, AC +4
a: no special abilities


You were on level 2 of the Dungeon.
You visited 1 branch of the dungeon, and saw 2 of its levels.

You collected 51 gold pieces.

Inventory:

Missiles
 e - 21 stones
Armour
 a - a +0 buckler
Scrolls
 b - a scroll of teleportation {unknown}
 c - a scroll of enchant weapon {unknown}
 d - a scroll of remove curse {unknown}
 j - a scroll of random uselessness {unknown}
 k - a scroll of identify {unknown}
Potions
 f - a potion of mutation
 l - a potion of lignification {unknown}


   Skills:
 - Level 2.0 Dodging
 - Level 2.0 Stealth
 + Level 2.2 Spellcasting
 * Level 4.3 Conjurations


You had 2 spell levels left.
You knew the following spells:

 Your Spells              Type           Power        Failure   Level
a - Magic Dart            Conj           100%         3%          1
c - Searing Ray           Conj           52%          4%          2

Your spell library contained the following spells:

 Spells                   Type           Power        Failure   Level
 Dazzling Flash           Conj/Hex       28%          22%         3
 Fulminant Prism          Conj/Hex       7%           56%         4
 Iskenderun's Mystic Bla  Conj/Tloc      14%          56%         4


Dungeon Overview and Level Annotations

Branches:
Dungeon (2/15)

Altars:


Innate Abilities, Weirdness & Mutations

Your plain brown scales are hard. (AC +4)
You cannot fit into any form of body armour.
You are cold-blooded and may be slowed by cold attacks.
You have large cloven feet.
You possess an exceptional clarity of mind.
You expend magic power (3 MP) to strengthen your wands.


Message History

Aiming: Magic Dart (safe; 3% risk of failure)
Press: ? - help, Shift-Dir - straight line, f/p - adder
Aim: an adder (heavily wounded, 0% to evade)
The magic dart hits the adder.
The adder is severely wounded.
You feel sick. The adder closely misses you. The adder bites you.
It was a potion of brilliance.
You feel clever all of a sudden. The adder barely misses you.
It was a potion of resistance.
You feel protected.
* * * LOW HITPOINT WARNING * * *
You feel sick. The adder bites you.
* * * LOW HITPOINT WARNING * * *
It was a potion of attraction.
You feel attractive to monsters. The adder bites you.
* * * LOW HITPOINT WARNING * * *
The adder bites you.
You die...

# # #. .#
#.###.##.#
#.S......#
#@# #.#
#.# #.#
#.# #.###
#.#.##
###....##
+.......#


You could see an adder.

Vanquished Creatures
  An ooze (D:1)
  A leopard gecko (D:1)
  A giant cockroach (D:1)
  2 goblins (D:1)
  3 hobgoblins
  A kobold (D:1)
  3 rats
12 creatures vanquished.

Vanquished Creatures (others)
  A plant (D:1)
1 creature vanquished.

Grand Total: 13 creatures vanquished

Notes
Turn   | Place    | Note
-------+----------+-------------------------------------------
     0 | D:1      | FishyPogo the Draconian Conjurer began the quest for the
                  | Orb.
     0 | D:1      | Reached XP level 1. HP: 14/14 MP: 3/3
   318 | D:1      | Reached XP level 2. HP: 20/20 MP: 3/5
   407 | D:1      | Learned a level 2 spell: Searing Ray
  1040 | D:2      | Gained mutation: You have large cloven feet. [potion of
                  | mutation]
  1040 | D:2      | Gained mutation: You expend magic power (3 MP) to
                  | strengthen your wands. [potion of mutation]
  1040 | D:2      | Gained mutation: You possess an exceptional clarity of
                  | mind. [potion of mutation]
  1044 | D:2      | Slain by an adder

Illustrated notes

Levels and vault maps discovered:
D:1:      ncdulo_halloftheorcs, layout_basic, serial_forest,
          infiniplex_forest_lined_2, infiniplex_forest_lined_room_2,
          infiniplex_forest_clump_small, infiniplex_forest_clump_long,
          infiniplex_forest_lined_2, infiniplex_forest_clump_diagonal
D:2:      layout_loops_corners, evilmike_ruin_ashenzari,
          minmay_overflow_temple_star_quad, okawaru_metal_pillars_1_2

Skill      XL: |  1  2 |
---------------+-------+-----
Stealth        | 2 |  2.0
Dodging        | 2 |  2.0
Spellcasting   | |  2.2
Conjurations   | |  4.3

Action                   || total
-------------------------++-------
Melee: Unarmed           ||    20
       Tailslap          ||     1
 Cast: Magic Dart        ||    30
  Use: Potion            ||     4
Armor: Skin              ||     4
Dodge: Dodged            ||    10
